 Dungeon Crawl Stone Soup version 0.26.1-11-gd32895ea62 (webtiles) character file.

Game seed: 6555711616244830348

21402 Sackgasse the Severer (level 12, -2/102 HPs)
             Began as a Minotaur Berserker on June 16, 2021.
             Was a High Priest of Trog.
             Killed by divine providence
             ... invoked by a meliai
              (14 damage)
             ... on level 12 of the Dungeon.
             The game lasted 00:45:09 (15984 turns).

Sackgasse the Severer (Minotaur Berserker)         Turns: 15984, Time: 00:45:12

Health: -2/102     AC: 19    Str: 23    XL:     12   Next: 53%
Magic:  11/11      EV: 10    Int: 11    God:    Trog [*****.]
Gold:   776        SH:  0    Dex: 13    Spells: 11/11 levels left

rFire    . . .     SeeInvis .   d - +3 war axe (flame)
rCold    + + +     Faith    +   (no shield)
rNeg     . . .     Spirit   .   a - +0 plate armour
rPois    .         Reflect  .   q - +0 hat of Tuiceow {rC+++ Will- rCorr Str-2}
rElec    .         Harm     +   t - scarf {harm}
rCorr    +         Rampage  .   (no gloves)
Will     .....                  b - +1 pair of boots
Stlth    ..........             y - amulet of faith
HPRegen  0.27/turn              e - +6 ring of intelligence
MPRegen  0.12/turn              (no ring)

@: no status effects
A: retaliatory headbutt, horns 2, rugged brown scales 1, agile 1, frail 1
a: Renounce Religion, Berserk, Trog's Hand, Brothers in Arms


You were on level 12 of the Dungeon.
You worshipped Trog.
Trog was extremely pleased with you.
You visited 1 branch of the dungeon, and saw 12 of its levels.
You also visited: Ossuary and Bailey.

You collected 880 gold pieces.
You spent 104 gold pieces at shops.

Inventory:

Hand Weapons
 d - a +3 war axe of flaming (weapon)
 A - a +4 battleaxe
 B - a +2 battleaxe
Missiles
 l - 5 silver boomerangs (quivered)
Armour
 a - a +0 plate armour (worn)
 b - a +1 pair of boots (worn)
 q - the +0 hat of Tuiceow (worn) {rC+++ Will- rCorr Str-2}
   (You found it on level 11 of the Dungeon)

   It affects your strength (-2).
   It renders you almost immune to cold.
   It affects your willpower, your defense against some magical effects.
   It provides partial protection from all sources of acid and corrosion.
 t - a scarf of harm (worn)
Jewellery
 e - a +6 ring of intelligence (left hand)
 k - a cursed ring of teleportation
 o - an uncursed ring of poison resistance
 y - an amulet of faith (around neck)
Wands
 h - a wand of polymorph (11)
 m - a wand of random effects (10)
 v - a wand of enslavement (18)
 z - a wand of digging (6)
Scrolls
 c - 4 scrolls of teleportation
 f - 7 scrolls of remove curse
 g - a scroll of blinking
 u - a scroll of fear
 x - 3 scrolls of magic mapping
Potions
 i - 3 potions of heal wounds
 j - 8 potions of curing
 n - a potion of berserk rage
 p - 2 potions of might
 r - a potion of flight
 s - a potion of invisibility
 w - 3 potions of cancellation


   Skills:
 + Level 11.3 Fighting
 + Level 16.0 Axes
 + Level 13.3 Armour
 + Level 6.7 Dodging
 + Level 2.5 Stealth


You had 11 spell levels left.
You didn't know any spells.
Your spell library was empty.

Dungeon Overview and Level Annotations

Branches:
Dungeon (12/15)              Lair (0/6) D:8         Ossuary (visited)
 Bailey (visited)
 Temple: D:4-7          Orc: D:9-12

Altars:
Cheibriados
Fedhas
Gozag
Kikubaaqudgha
Nemelex Xobeh
Okawaru
Qazlal
Ru
Sif Muna
Trog
Uskayaw
Wu Jian
Zin

Shops:
D:5 !   D:7 *   D:10 (


Innate Abilities, Weirdness & Mutations

You reflexively headbutt those who attack you in melee.
You have a pair of horns on your head.
You are partially covered in rugged brown scales. (AC +1, +3% HP)
You are agile. (Dex +2)
You are frail. (-10% HP)


Message History

You slice the two-headed ogre!! You burn the two-headed ogre!
You kill the two-headed ogre!
Trog accepts your kill.
Your Axes skill increases to level 16!
Items here: )))).
Items here: )))).
Things that are here:
a +0 giant club; a cursed +0 giant club A meliai comes into view.
It is wielding a +0 hand axe.
A meliai is nearby!
A goblin zombie comes into view.
The meliai buzzes angrily.
You hear an angry buzzing noise.
A meliai comes into view. It is wielding a +0 war axe.
The meliai buzzes angrily.
The meliai invokes the aid of its god against you.
Something smites you!
* * * LOW HITPOINT WARNING * * *
The meliai invokes the aid of its god against you.
Something smites you!
You die...

.................... ......
?...............#..#......
#..#........$.... .......
#.†.#...Z..##y... ......$
####..##.<..##...#.#.......
##.#.............###.#.#....
#....†..).......y.......# ..
##(......#...$......†..##...
##.......##..@........#....
###..#.##...>#.#..........
########.)#.##..........
#..)..[.....#....
##.#.#.....##....
######..### ... #...# ..
##.## ###


You could see 2 meliai and a goblin zombie.

Vanquished Creatures
  Harold (D:7)
  A hydra (D:11)
  The ghost of KamiKatze the Destroyer, a journeyman DrCj of Vehumet (D:11)
  3 two-headed ogres
  4 death yaks (D:8)
  An unseen horror (D:12)
  Pikel (D:8)
  3 ugly things
  A moth of wrath (D:11)
  A centaur skeleton (D:11)
  2 gargoyles (D:12)
  Maggie (D:7)
  A komodo dragon (D:11)
  3 trolls
  2 polar bears (D:8)
  Grinder (D:5)
  A shadow (D:11)
  A vampire (D:9)
  A wraith (D:11)
  A wyvern (D:11)
  17 yaks
  Grum (D:8)
  A basilisk (D:11)
  Menkaure (D:6)
  Edmund (D:6)
  A water moccasin (D:8)
  3 orc warriors
  5 ice beasts
  4 sky beasts
  2 black bears
  4 phantoms
  6 ogres
  5 wolves (D:8)
  2 centaurs
  11 bullfrogs
  8 gnoll sergeants (Bailey)
  2 scorpions
  A wyvern skeleton (D:6)
  2 electric eels (D:8)
  2 howler monkeys
  2 centaur zombies
  A human zombie (Ossuary)
  3 orc priests
  7 hounds
  A jelly (D:11)
  6 gnoll shamans (Bailey)
  Natasha (thrice) (D:3)
  4 iguanas
  6 orc wizards
  3 worker ants
  2 ogre zombies (D:12)
  A big kobold zombie (Ossuary)
  5 mummies (Ossuary)
  19 gnolls
  A howler monkey skeleton (D:4)
  6 adders
  4 white imps
  3 ufetubi (D:8)
  2 oozes
  3 adder zombies
  An adder skeleton (D:6)
  4 worms
  4 dart slugs
  7 leopard geckos
  24 orcs
  A ball python (D:1)
  5 bats
  8 giant cockroaches
  A gnoll zombie (Ossuary)
  14 goblins
  8 hobgoblins
  23 jackals
  6 quokkas
  6 frilled lizards
  A goblin zombie (Ossuary)
  A jackal skeleton (D:5)
  11 kobolds
  A kobold zombie (Ossuary)
  A leopard gecko simulacrum (D:8)
  A leopard gecko zombie (D:7)
  An orc skeleton (D:12)
  3 orc zombies
  14 rats
338 creatures vanquished.

Vanquished Creatures (collateral kills)
  2 gnolls (Bailey)
2 creatures vanquished.

Vanquished Creatures (others)
  A withered plant (D:6)
1 creature vanquished.

Grand Total: 341 creatures vanquished

Notes
Turn   | Place    | Note
-------+----------+-------------------------------------------
     0 | D:1      | Sackgasse the Minotaur Berserker began the quest for the
                  | Orb.
     0 | D:1      | Reached XP level 1. HP: 19/19 MP: 0/0
   242 | D:1      | Reached skill level 4 in Axes
   251 | D:1      | Reached XP level 2. HP: 13/27 MP: 1/1
   710 | D:1      | Reached ** piety under Trog
   817 | D:1      | Reached XP level 3. HP: 27/33 MP: 2/2
  1772 | D:2      | Reached skill level 5 in Axes
  1870 | D:2      | Reached *** piety under Trog
  1871 | D:2      | Reached XP level 4. HP: 18/40 MP: 3/3
  2960 | D:3      | Reached skill level 1 in Stealth
  2960 | D:3      | Reached XP level 5. HP: 27/47 MP: 4/4
  3384 | D:3      | Noticed Natasha
  3419 | D:3      | Killed Natasha
  3472 | D:3      | Reached **** piety under Trog
  3528 | D:3      | Reached skill level 6 in Axes
  3529 | D:3      | Reached XP level 6. HP: 38/53 MP: 5/5
  3858 | D:3      | Noticed Natasha
  3865 | D:3      | Killed Natasha
  3970 | D:3      | Noticed Natasha
  3985 | D:3      | Killed Natasha
  4186 | D:4      | Found a snail-covered altar of Cheibriados.
  4193 | D:4      | HP: 1/55 [iguana (7)]
  4788 | D:4      | You fall into a shaft and drop 2 floors!
  4797 | D:6      | Noticed a sky beast
  4799 | D:6      | Found a blossoming altar of Fedhas.
  4803 | D:6      | Killed a sky beast
  4804 | D:6      | Reached skill level 5 in Fighting
  4804 | D:6      | Reached skill level 7 in Axes
  4804 | D:6      | Reached XP level 7. HP: 61/61 MP: 6/6
  4813 | D:6      | Found an ancient bone altar of Kikubaaqudgha.
  4928 | D:6      | Found a sacrificial altar of Ru.
  4945 | D:6      | Noticed Edmund
  4974 | D:6      | Killed Edmund
  4975 | D:6      | Reached skill level 5 in Armour
  5386 | D:6      | Found an iron altar of Okawaru.
  5397 | D:5      | Entered Level 5 of the Dungeon
  5478 | D:5      | Found Berutau's Distillery.
  5494 | D:5      | Bought a potion of curing for 39 gold pieces
  5494 | D:5      | Bought a potion of heal wounds for 65 gold pieces
  5592 | D:5      | Found a sand-covered staircase.
  5623 | Ossuary  | Entered an ossuary
  5907 | Ossuary  | Reached XP level 8. HP: 66/69 MP: 7/7
  6047 | D:5      | Reached skill level 8 in Axes
  6178 | D:5      | Found a sparkling altar of Nemelex Xobeh.
  6187 | D:5      | Noticed Grinder
  6195 | D:5      | Paralysed by Grinder for 4 turns
  6206 | D:5      | Paralysed by Grinder for 3 turns
  6217 | D:5      | Paralysed by Grinder for 7 turns
  6226 | D:5      | Killed Grinder
  7421 | D:5      | Got a glimmering ring mail
  7432 | D:5      | Identified the +3 ring mail "Vumnui" {MP+9 Str-5 SInv
                  | Stlth+} (You found it on level 5 of the Dungeon)
  7593 | D:6      | Noticed Menkaure
  7604 | D:6      | Killed Menkaure
  7605 | D:6      | Reached skill level 9 in Axes
  7992 | D:6      | Reached skill level 5 in Dodging
  8042 | D:7      | Reached XP level 9. HP: 56/75 MP: 8/8
  8075 | D:7      | Reached ***** piety under Trog
  8217 | D:7      | Noticed Maggie
  8247 | D:7      | Killed Maggie
  8475 | D:7      | Reached skill level 10 in Axes
  8483 | D:7      | Found a flagged portal.
  8490 | Bailey   | Entered a bailey
  9127 | Bailey   | HP: 3/78 [gnoll sergeant/+0 glaive (8)]
  9509 | Bailey   | Gained mutation: You are frail. (-10% HP) [potion of
                  | mutation]
  9509 | Bailey   | Gained mutation: You are agile. (Dex +2) [potion of
                  | mutation]
  9509 | Bailey   | Gained mutation: You are partially covered in rugged brown
                  | scales. (AC +1, +3% HP) [potion of mutation]
  9725 | D:7      | Noticed Harold
  9737 | D:7      | Killed Harold
  9738 | D:7      | Reached skill level 11 in Axes
  9738 | D:7      | Reached skill level 10 in Armour
  9738 | D:7      | Reached XP level 10. HP: 48/79 MP: 9/9
 10057 | D:7      | Found a shimmering blue altar of Sif Muna.
 10082 | D:7      | Found an ornate altar of the Wu Jian Council.
 10330 | D:7      | Found an opulent altar of Gozag.
 10330 | D:7      | Found Gozag's Platinum Reserve.
 10449 | D:8      | Found a staircase to the Lair.
 10449 | D:8      | Noticed a death yak
 10450 | D:8      | Noticed Pikel
 10450 | D:8      | Noticed a death yak
 10461 | D:8      | Killed a death yak
 10469 | D:8      | Killed Pikel
 10470 | D:8      | Reached skill level 12 in Axes
 10495 | D:8      | Noticed a death yak
 10509 | D:8      | Killed a death yak
 10516 | D:8      | Killed a death yak
 10517 | D:8      | Reached skill level 13 in Axes
 10522 | D:8      | Reached XP level 11. HP: 29/88 MP: 10/10
 10805 | D:8      | Noticed a death yak
 10811 | D:8      | Killed a death yak
 11273 | D:8      | Found a hide-covered altar of Uskayaw.
 11329 | D:8      | Found a glowing silver altar of Zin.
 11572 | D:8      | Noticed Grum
 11584 | D:8      | Killed Grum
 12323 | D:9      | Found a glowing silver altar of Zin.
 12440 | D:9      | Found a stormy altar of Qazlal.
 12627 | D:9      | Received a gift from Trog
 12724 | D:9      | Found a bloodstained altar of Trog.
 12841 | D:9      | Noticed a two-headed ogre
 12846 | D:9      | Killed a two-headed ogre
 13084 | D:10     | Entered Level 10 of the Dungeon
 13342 | D:10     | Reached skill level 14 in Axes
 14082 | D:10     | Found Jyonutach's Weapon Shop.
 14231 | D:11     | Noticed a brown ugly thing
 14244 | D:11     | Killed a brown ugly thing
 14583 | D:11     | Found a transporter.
 14595 | D:11     | Found a transporter.
 14604 | D:11     | Noticed KamiKatze's ghost (journeyman DrCj)
 14616 | D:11     | Killed KamiKatze's ghost
 14620 | D:11     | Reached skill level 10 in Fighting
 14640 | D:11     | Got a shimmering hat
 14646 | D:11     | Identified the +0 hat of Tuiceow {rC+++ Will- rCorr Str-2}
                  | (You found it on level 11 of the Dungeon)
 14804 | D:11     | Noticed a four-headed hydra
 14813 | D:11     | Killed a one-headed hydra
 14814 | D:11     | Reached XP level 12. HP: 98/98 MP: 11/11
 14870 | D:11     | Reached skill level 15 in Axes
 15831 | D:12     | Received a gift from Trog
 15926 | D:12     | Noticed a two-headed ogre
 15928 | D:12     | Noticed a two-headed ogre
 15946 | D:12     | HP: 2/102 [gargoyle/+0 mace (10)]
 15950 | D:12     | Killed a two-headed ogre
 15958 | D:12     | Killed a two-headed ogre
 15959 | D:12     | Reached skill level 16 in Axes
 15984 | D:12     | Killed from afar by a meliai

Illustrated notes

Levels and vault maps discovered:
D:1:      evilmike_arrival_crescent, layout_loops_ring, minivault_14,
          minmay_rat_gold_closets
D:2:      layout_basic
D:3:      layout_basic, uniq_natasha
D:4:      layout_cave_pods, old_standard_altar, nzn_hepliaklqana_mist_gate,
          minmay_temple_entry_poolview
D:5:      layout_cave_pods, general_overflow_altar, serial_shops, shop,
          nicolae_ossuary_entry_monument, uniq_grinder
D:6:      layout_loops_ring, grunt_temple_overflow_growth_and_decay,
          lemuel_round_altar, chequers_serial_rivers_micro_b,
          nicolae_ru_awakened_eye, uniq_edmund, uniq_menkaure
D:7:      layout_rooms, lemuel_doored_altar, nicolae_overflow_crystal_walls,
          enter_bailey_3, minivault_27, nicolae_gozag_zags_fifth_avenue,
          uniq_maggie, uniq_harold
D:8:      layout_loops_corners, overflow_temple_1_default, kennysheep_mini_moat,
          dpeg_lair_monsters, serial_ice, serial_ice_d, serial_ice_l,
          serial_ice_o, serial_ice_f, serial_ice_b, serial_ice_h,
          chequers_serial_rivers_micro_e, uniq_pikel, uniq_grum
D:9:      layout_loops_ring, overflow_temple_1_default, lightli_temple_of_fire,
          basic_altar, chequers_garden
D:10:     layout_basic, serial_shops, nicolae_shop_trees
D:11:     layout_gridville, gammafunk_ghost_berserking_beasts
D:12:     layout_cross, zombieorc2_lemuel, onia_ninara_cookie, uniq_fannar,
          uniq_maurice, uniq_azrael

Skill      XL: |  1  2  3  4  5  6  7  8  9 10 11 12 |
---------------+-------------------------------------+-----
Axes           | 4 5 6 7 9 11 13 14 16 | 16.0
Fighting       | 4 5 6 7 8 10 11 | 11.3
Dodging        | 3 4 5 6 |  6.7
Stealth        | 1 2 |  2.5
Armour         | 4 6 7 10 11 12 13 | 13.3

Action                   |  1- 3 |  4- 6 |  7- 9 | 10-12 || total
-------------------------+-------+-------+-------+-------++-------
Melee: Hand axe          |    99 |   180 |   228 |       ||   507
       Headbutt          |    14 |    28 |    78 |    73 ||   193
       War axe           |       |       |    71 |   258 ||   329
       Battleaxe         |       |       |       |    59 ||    59
Invok: Berserk           |       |     1 |     3 |     2 ||     6
       Brothers in Arms  |       |       |     1 |       ||     1
  Use: Scroll            |       |     6 |    10 |    10 ||    26
       Potion            |       |     1 |     6 |     4 ||    11
 Stab: Sleeping          |     1 |       |       |       ||     1
Armor: Animal skin       |    25 |     6 |       |       ||    31
       Chain mail        |       |    84 |   144 |    88 ||   316
       Plate armour      |       |       |       |    88 ||    88
Dodge: Dodged            |    74 |    89 |   169 |   141 ||   473
